 Dungeon Crawl Stone Soup version 0.26-a0-639-g72c4674329 (webtiles) character file.

Game seed: 14447811685511682334

987 Apogee the Chopper (level 8, -4/62 HPs)
             Began as a Human Berserker on Sept 16, 2020.
             Was an Elder of Trog.
             Killed from afar by an electric eel (14 damage)
             ... with a bolt of electricity
             ... on level 6 of the Dungeon.
             The game lasted 00:05:39 (5577 turns).

Apogee the Chopper (Human Berserker)                Turns: 5577, Time: 00:05:39

Health: -4/62      AC: 14    Str: 20    XL:     8   Next: 41%
Magic:  8/8        EV:  8    Int:  7    God:    Trog [****..]
Gold:   222        SH:  0    Dex: 13    Spells: 7/7 levels left

rFire    . . .     SeeInvis .   a - +0 hand axe
rCold    . . .     Faith    .   (no shield)
rNeg     . . .     Spirit   .   n - +0 plate armour
rPois    .         Reflect  .   r - +1 helmet
rElec    .         Harm     .   (no cloak)
rCorr    .         Rampage  .   (no gloves)
MR       .....                  (no boots)
Stlth    ..........             (no amulet)
HPRegen  0.20/turn              (no ring)
MPRegen  0.11/turn              (no ring)

@: no status effects
A: no striking features
a: Berserk, Trog's Hand, Brothers in Arms, Renounce Religion


You were on level 6 of the Dungeon.
You worshipped Trog.
Trog was greatly pleased with you.
You visited 1 branch of the dungeon, and saw 6 of its levels.

You collected 222 gold pieces.

Inventory:

Hand Weapons
 a - a +0 hand axe (weapon)
Missiles
 d - 24 poisoned darts (quivered)
 t - 181 stones
 z - a throwing net {!f}
Armour
 b - a +0 animal skin
 k - a +0 leather armour
   (You found it on level 1 of the Dungeon)
 n - a +0 plate armour (worn)
   (You found it on level 1 of the Dungeon)
 r - a +1 helmet (worn)
   (You found it on level 2 of the Dungeon)
Scrolls
 c - 6 scrolls of identify {unknown}
 e - 3 scrolls of blinking {unknown}
 g - 4 scrolls of teleportation {unknown}
 i - a scroll of amnesia {unknown}
 j - 2 scrolls of magic mapping {unknown}
 m - a scroll of enchant weapon {unknown}
 p - 7 scrolls of remove curse {unknown}
 w - 2 scrolls of fog {unknown}
 y - 3 scrolls of enchant armour {unknown}
 A - a scroll of immolation {unknown}
Potions
 f - 3 potions of might
 h - a potion of mutation {unknown}
 l - 3 potions of lignification {unknown}
 o - a potion of flight {unknown}
 q - a potion of curing {@q1}
 s - a potion of invisibility {unknown}
 u - a potion of magic {unknown}
 v - a potion of degeneration {unknown}
 x - a potion of resistance {unknown}


   Skills:
 + Level 5.0 Fighting
 * Level 6.5 Axes
 + Level 4.4 Armour
 + Level 4.5 Dodging


You had 7 spell levels left.
You didn't know any spells.
Your spell library was empty.

Dungeon Overview and Level Annotations

Branches:
Dungeon (6/15)
 Temple: D:4-7

Altars:
Ashenzari
Cheibriados
Dithmenos
Fedhas
Gozag
Hepliaklqana
Kikubaaqudgha
Nemelex Xobeh
Trog
Vehumet
Xom
Yredelemnul
Zin

Annotations:
D:5 1 runed translucent door, Crazy Yiuf


Message History

p - 7 scrolls labeled IFUWKI BOHETS (gained 1)
You enter the shallow water.
Moving in this stuff is going to be slow.
An ufetubus comes into view.
The ufetubus shouts!
The ufetubus hits you but does no damage. x2
You barely miss the ufetubus.
The ufetubus hits you but does no damage. x2
You barely miss the ufetubus.
The ufetubus hits you but does no damage. x3
The ufetubus closely misses you.
You hit the ufetubus.
The ufetubus hits you but does no damage.
The ufetubus hits you.
You closely miss the ufetubus. The ufetubus barely misses you.
The ufetubus closely misses you.
You hit the ufetubus.
You kill the ufetubus!
Trog accepts your kill.
An adder comes into view.
The adder hisses angrily.
The adder misses you.
You closely miss the adder.
The adder bites you but does no damage. x2
You hit the adder. The adder bites you but does no damage.
You closely miss the adder. The adder closely misses you.
You miss the adder. The adder bites you but does no damage.
You barely miss the adder. The adder closely misses you.
The electric eel shoots out a bolt of lightning at you!
The bolt of electricity hits the adder!
The adder dies!
The bolt of electricity hits you.
You hear an angry hiss.
You enter the shallow water.
Moving in this stuff is going to be slow.
The electric eel shoots out a bolt of lightning at you!
The bolt of electricity hits you! x2
The electric eel shoots out a bolt of lightning at you!
The bolt of electricity hits you. x2
* * * LOW HITPOINT WARNING * * *
The electric eel shoots out a bolt of lightning at you!
The bolt of electricity hits you!
* * * LOW HITPOINT WARNING * * *
The electric eel shoots out a bolt of lightning at you!
The bolt of electricity hits the adder!
The adder dies!
The bolt of electricity hits you!
* * * LOW HITPOINT WARNING * * *
The electric eel shoots out a bolt of lightning at you!
The bolt of electricity hits you!
You die...

♣≈≈♣♣ ≈≈≈≈≈≈≈≈♣♣≈≈♣≈#
#.≈;♣♣♣♣≈♣≈♣♣♣≈♣≈PP##
#....##..♣♣♣≈♣≈≈≈≈######
####...#
####.##.....##.########.
..##...#
#.##.................
..##...#
#.##..>..############
..##...# #.##.....#
####...# #.##.....#
#...# #.##@....#
#...######'##.....#
####..)#..........####
...'..............#
####..)#..........#
.....###..........#
.....# #..........#
.....# #..........#
†....# #..........#


You could see an electric eel.

Vanquished Creatures
  An ice beast (D:5)
  2 bullfrogs (D:6)
  A howler monkey (D:6)
  2 hounds (D:4)
  4 orc wizards
  4 orc priests
  A bullfrog skeleton (D:2)
  A jelly (D:5)
  A centaur skeleton (D:6)
  2 iguanas
  2 worker ants (D:5)
  A hound zombie (D:5)
  A mummy (D:6)
  4 adders
  A shadow imp (D:5)
  A white imp (D:6)
  An ufetubus (D:6)
  An ooze (D:1)
  An adder zombie (D:5)
  3 worms
  A dart slug (D:1)
  5 leopard geckos
  24 orcs
  15 bats
  4 giant cockroaches
  9 goblins
  4 hobgoblins
  3 jackals (D:5)
  2 quokkas
  2 ball pythons
  4 frilled lizards
  A giant cockroach zombie (D:5)
  11 kobolds
  4 rats
124 creatures vanquished.

Vanquished Creatures (others)
  An orc wizard (D:6)
  2 adders (D:6)
  24 plants
27 creatures vanquished.

Grand Total: 151 creatures vanquished

Notes
Turn   | Place    | Note
-------+----------+-------------------------------------------
     0 | D:1      | Apogee the Human Berserker began the quest for the Orb.
     0 | D:1      | Reached XP level 1. HP: 18/18 MP: 1/1
   126 | D:1      | Reached XP level 2. HP: 24/24 MP: 2/2
   186 | D:1      | Found a shattered altar of Ashenzari.
   577 | D:1      | Reached XP level 3. HP: 27/29 MP: 3/3
   899 | D:1      | Reached ** piety under Trog
  1155 | D:2      | Noticed a shadow
  1164 | D:2      | Found an ancient bone altar of Kikubaaqudgha.
  1186 | D:2      | Found a blossoming altar of Fedhas.
  1186 | D:2      | Found a glowing silver altar of Zin.
  1187 | D:2      | Found a shimmering altar of Xom.
  1187 | D:2      | Found a bloodstained altar of Trog.
  1191 | D:2      | Found a basalt altar of Yredelemnul.
  1301 | D:2      | Reached XP level 4. HP: 26/35 MP: 4/4
  1749 | D:2      | Reached skill level 4 in Axes
  1999 | D:2      | Found a shadowy altar of Dithmenos.
  2000 | D:2      | Found a hazy altar of Hepliaklqana.
  2104 | D:3      | Reached XP level 5. HP: 34/41 MP: 5/5
  2329 | D:3      | Reached *** piety under Trog
  2329 | D:3      | Reached XP level 6. HP: 18/48 MP: 6/6
  2692 | D:3      | Found a shimmering altar of Xom.
  3419 | D:4      | Reached skill level 5 in Axes
  3520 | D:4      | Found a sparkling altar of Nemelex Xobeh.
  3772 | D:4      | Found an opulent altar of Gozag.
  3954 | D:5      | Entered Level 5 of the Dungeon
  4056 | D:5      | Reached XP level 7. HP: 36/54 MP: 7/7
  4551 | D:5      | Found a radiant altar of Vehumet.
  4924 | D:5      | Found a runed translucent door.
  4925 | D:5      | Noticed Crazy Yiuf
  5157 | D:6      | Found a snail-covered altar of Cheibriados.
  5274 | D:6      | Reached skill level 6 in Axes
  5274 | D:6      | Reached XP level 8. HP: 46/61 MP: 8/8
  5293 | D:6      | Reached **** piety under Trog
  5301 | D:6      | Reached skill level 5 in Fighting
  5577 | D:6      | Killed from afar by an electric eel

Illustrated notes

Levels and vault maps discovered:
D:1:      tarquinn_simple_flora_water_b, layout_loops_corners,
          evilmike_ruin_ashenzari
D:2:      layout_rooms, minitemple, riverfiend_overflow_shadow_ancestor
D:3:      layout_rooms, xom_teletrap_fun
D:4:      layout_basic, nemelex_xobeh_ov_fountains_minmay, marbit_many_paths,
          kennysheep_cross_bottleneck, guppyfry_early_lair_pool
D:5:      layout_rooms, nicolae_overflow_crystal_walls, uniq_crazy_yiuf_cottage
D:6:      layout_basic, slow_altar_1, serial_bayou_lake_a

Skill      XL: |  1  2  3  4  5  6  7  8 |
---------------+-------------------------+-----
Axes           | 4 5 6 |  6.5
Dodging        | 3 4 |  4.5
Armour         | 3 4 |  4.4
Fighting       | 4 5 |  5.0

Action                   |  1- 3 |  4- 6 |  7- 9 || total
-------------------------+-------+-------+-------++-------
Melee: Hand axe          |    87 |   199 |   172 ||   458
Throw: Dart              |       |     2 |       ||     2
Invok: Berserk           |       |     4 |     3 ||     7
  Use: Potion            |       |       |     4 ||     4
 Stab: Sleeping          |     1 |       |       ||     1
Armor: Animal skin       |     6 |       |       ||     6
       Leather armour    |    21 |       |       ||    21
       Plate armour      |    17 |   164 |   126 ||   307
Dodge: Dodged            |    64 |    88 |    61 ||   213

Table legend: (Time is in decaauts)
 A = Elapsed time spent in this place.
 B = Non-inter-level travel time spent in this place.
 C = Inter-level travel time spent in this place.
 D = Time resting spent in this place.
 E = Time spent auto-exploring this place.
 F = Levels seen in this place.
 G = Mean time per level.
                   A        B        C        D        E       F      G
               +--------+--------+--------+--------+--------+-----+--------+
         Total |   5649 |   5421 |    228 |    819 |   3611 |   6 |  941.5 |
       Dungeon |   5649 |   5421 |    228 |    819 |   3611 |   6 |  941.5 |
               +--------+--------+--------+--------+--------+-----+--------+

Top non-repeatable levels by time:
     D:1: 1153 daAuts
     D:4: 1093 daAuts
     D:5: 1051 daAuts
     D:3: 981 daAuts
     D:2: 943 daAuts
     D:6: 424 daAuts
